 Seeded DCSS version 0.30.0-18-gc0e69614cb (webtiles) character file.

Game seed: 4094081560370531827 (custom seed)

49411 IndexError the Fighter (level 14, -5/112 HPs)
             Began as a Djinni Earth Elementalist on May 23, 2023.
             Was an Elder of Makhleb.
             Slain by a seven-headed hydra (8 damage)
             ... on level 4 of the Lair of Beasts on May 25, 2023.
             The game lasted 01:17:58 (17198 turns).

IndexError the Fighter (Djinni Earth Elementalist) Turns: 17198, Time: 01:17:59

Health: -5/112     AC:  9    Str:  7    XL:     14   Next: 92%
Gold:   1328       EV: 16    Int: 32    God:    Makhleb [****..] SH:  6 Dex: 18

rFire   + + .        U - +8 war axe of Past Mistakes {freeze, Will+ Int+3}
rCold   + . .        p - +0 buckler {rN+}
rNeg    + + .        D - +0 troll leather armour {regen}
rPois   ∞            J - +1 helmet
rElec   .            f - scarf of Vehumet's Displeasure {rC+ rF+, Rampage}
rCorr   .            F - +2 pair of gloves
SInv    .            (boots unavailable)
Will    ++...        B - amulet of regeneration {+regen, !d}
Stlth   ++           P - +6 ring of intelligence
HPRegen 1.98/turn    d - ring "Hienak" {Ice Contam rN+ Dex+5}
MPRegen 0.00/turn

%: rampage, infuse magic (-6 HP)
@: flying
A: sickness immunity, fire resistance 2, cold vulnerability 1, float, innate
caster, HP casting, extra vitality 1
a: Renounce Religion, Minor Destruction, Lesser Servant of Makhleb, Major
Destruction


You were on level 4 of the Lair of Beasts.
You worshipped Makhleb.
Makhleb was greatly pleased with you.
You visited 3 branches of the dungeon, and saw 19 of its levels.
You also visited: Bailey.

You collected 1328 gold pieces.

Inventory:

Hand Weapons
 A - a +2 antimagic spear
   (You took it off a gnoll sergeant on level 8 of the Dungeon)
 U - the +8 war axe of Past Mistakes (weapon) {freeze, Will+ Int+3}
   (You found it on level 3 of the Lair of Beasts)

   Int:       It affects your intelligence (+3).
   Will:      It increases your willpower.
Missiles
 e - 2 throwing nets {=f, !d}
Armour
 b - a +2 leather armour of cold resistance
   (You found it on level 9 of the Dungeon)
 f - the scarf of Vehumet's Displeasure (worn) {rC+ rF+, Rampage}
   (You acquired it on level 1 of the Dungeon)

   Rampage:   It bestows one free step when moving towards enemies.
 p - a +0 buckler of positive energy (worn)
   (You acquired it in a bailey)
 D - a +0 troll leather armour (worn) {regen}
   (You found it on level 9 of the Dungeon)
 F - a +2 pair of gloves (worn)
   (You found it on level 6 of the Dungeon)
 J - a +1 helmet (worn)
   (You found it on level 6 of the Dungeon)
Magical Staves
 a - a staff of air {rElec}
   (You found it on level 9 of the Dungeon)
 y - a staff of cold {rC+}
   (You found it on level 4 of the Dungeon)
Jewellery
 d - the ring "Hienak" (right hand) {Ice Contam rN+ Dex+5}
   (You acquired it on level 5 of the Dungeon)

   [ring of ice]

   It enhances your ice magic.
   Dex:       It affects your dexterity (+5).
   rF:        It makes you vulnerable to fire.
   rC:        It protects you from cold.
   rN:        It protects you from negative energy.
   Contam:    It causes magical contamination when unequipped.
 l - a ring of wizardry {Wiz+, !d}
   (You found it on level 1 of the Dungeon)
 B - an amulet of regeneration (around neck) {+regen, !d}
   (You found it on level 4 of the Dungeon)
 E - a ring of positive energy {rN+}
   (You found it on level 5 of the Dungeon)
 P - a +6 ring of intelligence (left hand)
   (You found it on level 2 of the Lair of Beasts)
Wands
 w - a wand of polymorph (15)
   (You found it on level 3 of the Dungeon)
 L - a wand of flame (2)
   (You found it on level 11 of the Dungeon)
 N - a wand of quicksilver (5)
   (You found it on level 12 of the Dungeon)
 Q - a wand of mindburst (6)
   (You found it on level 2 of the Lair of Beasts)
Scrolls
 h - 3 scrolls of magic mapping {!r}
 i - 6 scrolls of teleportation
 n - 3 scrolls of torment {!r}
 o - 4 scrolls of vulnerability {!r!r}
 q - 3 scrolls of fog
 u - 4 scrolls of immolation {!r}
 z - 2 scrolls of blinking {!r}
 G - 2 scrolls of fear
 K - a scroll of enchant weapon
 M - 2 scrolls of poison
 R - a scroll of silence
Potions
 c - 6 potions of might {unknown}
 g - 4 potions of lignification {!q}
 j - a potion of magic {unknown}
 k - 7 potions of curing {unknown}
 m - 6 potions of attraction {unknown}
 r - 4 potions of brilliance {unknown}
 t - 4 potions of heal wounds
 v - a potion of invisibility
 x - a potion of ambrosia
 C - a potion of haste
 H - 3 potions of cancellation
 I - a potion of mutation {!q}
 O - a potion of resistance


   Skills:
 - Level 14.1 Fighting
 - Level 10.2 Dodging
 - Level 1.5 Stealth
 - Level 6.0 Shields
 - Level 10.5 Spellcasting
 + Level 12.1 Invocations


You knew the following spells:

 Your Spells              Type           Power      Damage    Failure   Level
a - Sandblast             Erth           100%       2d20      1%          1
b - Shock                 Conj/Air       100%       1d9       1%          1
c - Petrify               Tmut/Erth      71%        N/A       1%          4
d - Scorch                Fire           100%       2d9       1%          2
e - Poisonous Vapours     Pois/Air       100%       N/A       1%          2
f - Passage of Golubria   Tloc           71%        N/A       1%          4
g - Animate Armour        Summ/Erth      100%       N/A       1%          4
h - Agony                 Necr           71%        N/A       2%          5
w - Passwall              Tmut/Erth      59%        N/A       1%          2
x - Stone Arrow           Conj/Erth      100%       3d13      1%          3
Your spell library was empty.

Dungeon Overview and Level Annotations

Branches:
Dungeon (13/15)            Temple (1/1) D:5            Lair (5/5) D:8
  Swamp (0/4) Lair:2       Spider (0/4) Lair:3          Orc (0/2) D:12
 Bailey (visited)
  Slime: Lair:4-5    Vaults: D:13-14

Altars:
Ashenzari
Cheibriados
Dithmenos
Elyvilon
Fedhas
Gozag
Hepliaklqana
Makhleb
Nemelex Xobeh
Okawaru
Qazlal
Ru
Trog
Uskayaw
Wu Jian
Xom
Yredelemnul
Zin
The Shining One

Annotations:
D:5 3 runed translucent doors, Elsvaer's ghost, novice DECj
D:9 3 runed translucent doors, exclusion: orange crystal statue


Innate Abilities, Weirdness & Mutations

You are immune to sickness and miasma.
You are immune to poison.
Your flesh is very heat resistant. (rF++)
You are vulnerable to cold. (rC-)
You float through the air rather than walking.
You learn spells naturally, not from books.
Your magical power is your life essence.
You have superior vitality. (+4 MHP)


Message History

You barely miss the komodo dragon. The komodo dragon bites you!
You take 11 damage, and have 101/112 hp.
You slash the komodo dragon! You freeze the komodo dragon.
The komodo dragon bites you!!
You take 19 damage, and have 82/112 hp.
You closely miss the komodo dragon.
The komodo dragon is no longer moving slowly.
The komodo dragon bites you but does no damage.
The six-headed hydra bites you.
You block the six-headed hydra's attack.
The six-headed hydra bites you.
You block the six-headed hydra's attack.
The six-headed hydra bites you! The six-headed hydra bites you.
You take 10 damage, and have 72/112 hp.
You closely miss the komodo dragon.
You chop one of the six-headed hydra's heads off!
The five-headed hydra grows two more!
You slash the seven-headed hydra!
The seven-headed hydra seems to slow down.
You freeze the seven-headed hydra. The komodo dragon bites you!!
The seven-headed hydra misses you.
You block the seven-headed hydra's attack. x2
The seven-headed hydra bites you.
The seven-headed hydra bites you but does no damage.
The seven-headed hydra bites you.
The seven-headed hydra completely misses you.
You take 31 damage, and have 41/112 hp.
MASSIVE DAMAGE!!
The komodo dragon closely misses you.
You fly upwards.
There is a stone staircase leading down here.
You regained 5 hp, and now have 46/112 hp.
The seven-headed hydra is no longer moving slowly.
You regained 2 hp, and now have 48/112 hp.
The komodo dragon attacks as you move away!
You block the komodo dragon's attack.
You regained 2 hp, and now have 50/112 hp.
The komodo dragon attacks as you move away!
The komodo dragon completely misses you.
The seven-headed hydra bites you. The seven-headed hydra bites you!
The seven-headed hydra bites you.
You block the seven-headed hydra's attack.
The seven-headed hydra closely misses you.
The seven-headed hydra bites you.
* * * LOW HITPOINT WARNING * * *
You block the seven-headed hydra's attack.
The komodo dragon hisses menacingly.
You take 19 damage, and have 31/112 hp.
A demon appears!
The seven-headed hydra closely misses you.
You block the seven-headed hydra's attack. x2
The seven-headed hydra bites you!
* * * LOW HITPOINT WARNING * * *
The seven-headed hydra barely misses you.
The seven-headed hydra bites you but does no damage.
The seven-headed hydra closely misses you.
The komodo dragon barely misses you.
You take 13 damage, and have 18/112 hp.
Casting: Animate Armour (mildly dangerous; 1% risk of failure)
Confirm with . or Enter, or press ? or * to list all spells.
* * * LOW HITPOINT WARNING * * *
The seven-headed hydra closely misses you.
The seven-headed hydra bites you.
* * * LOW HITPOINT WARNING * * *
The seven-headed hydra closely misses you.
The seven-headed hydra barely misses you.
The seven-headed hydra completely misses you.
The seven-headed hydra closely misses you. x2
The komodo dragon barely misses you.
Your smoke demon gestures at the seven-headed hydra.
The ball of steam hits the seven-headed hydra!!
You take 3 damage, and have 15/112 hp.
The seven-headed hydra attacks as you move away!
The seven-headed hydra bites you.
* * * LOW HITPOINT WARNING * * *
The seven-headed hydra misses you. x2
The seven-headed hydra barely misses you.
You block the seven-headed hydra's attack.
The seven-headed hydra bites you.
* * * LOW HITPOINT WARNING * * *
The seven-headed hydra misses you.
The seven-headed hydra is engulfed in a cloud of scalding steam.
Your smoke demon hits the komodo dragon.
Your smoke demon hits the komodo dragon but does no damage.
Your smoke demon hits the komodo dragon.
You take 4 damage, and have 11/112 hp.
Okay, then.
Unknown command.
Aiming: Major Destruction (1% risk of failure)
Press: ? - help, Shift-Dir - straight line, f - seven-headed hydra
Aim: a seven-headed hydra (heavily wounded, ally target)
The bolt of lightning hits the seven-headed hydra.
The bolt of lightning hits the komodo dragon.
Makhleb accepts your kill.
You feel better.
The bolt of lightning misses your smoke demon.
The seven-headed hydra bites you.
* * * LOW HITPOINT WARNING * * *
The seven-headed hydra bites you!
* * * LOW HITPOINT WARNING * * *
The seven-headed hydra bites you!
You die...

...P##....##...#..##.#....# ##
..........................## ###.
...>.P......###.##..##.....###.#.
...........## #.##.#.##.#..÷.....
............###.#.............÷..
.............##..(..##.......##..
....................#####...###..
P.P##......<.#....### #....# ##÷
#..###......##..@#.### ##...# ##.
#.#####.....P###D##..###...## #..
..#.####.##.## #†§#.........# #..
...<...##.#.####3[.....÷##..###..
#...P.#####.#.##..>..........###.
....#.#.##..............#........
........##P.............#.#.#.#..
P#P#....###..##......##...#####.#
.####..P###..####.....###..# #..


You could see a seven-headed hydra (ally target), a friendly animated troll
leather armour (summoned) and a friendly smoke demon (summoned).

Vanquished Creatures
  2 hydras
  4 boulder beetles
  2 two-headed ogres (D:9)
  4 death yaks
  An orc high priest (Bailey)
  6 hell knights (D:12)
  4 lindwurms (Lair:3)
  2 orc knights (Bailey)
  A necromancer (D:12)
  4 oklob plants (Lair:3)
  3 manticores (D:12)
  A wolf spider (Lair:1)
  2 cyclopes (D:11)
  5 elephants (Lair:1)
  9 cane toads
  An unseen horror (D:11)
  A torpor snail (Lair:2)
  3 komodo dragons
  A kobold demonologist (Bailey)
  2 rime drakes
  4 trolls
  A tyrant leech (Lair:2)
  A polar bear (Lair:2)
  6 dream sheep (Lair:3)
  17 blink frogs
  A jumping spider (Lair:3)
  A spriggan (Lair:4)
  A culicivora (Lair:3)
  2 shadows
  4 wyverns
  23 yaks
  2 vampire mosquitoes (D:11)
  A wraith (D:10)
  5 basilisks
  2 redbacks (Lair:3)
  2 swamp worms (Lair:2)
  A warg (D:12)
  7 hell hounds (D:12)
  6 water moccasins
  14 orc warriors
  An ice beast (D:7)
  4 black bears
  A sky beast (D:6)
  3 ogres
  7 wolves
  7 centaurs
  A phantom (D:4)
  2 kobold brigands
  7 bullfrogs
  4 gnoll sergeants
  2 scorpions (D:5)
  4 wights (D:7)
  25 killer bees
  3 electric eels (Bailey)
  5 howler monkeys
  A jelly (D:6)
  A hound (D:4)
  7 orc priests
  3 iguanas
  A sleepcap (D:5)
  Ijyb (D:4)
  12 orc wizards
  A hell rat (Lair:2)
  29 gnolls
  4 adders
  10 river rats (Lair:2)
  A shadow imp (D:6)
  3 white imps
  2 ufetubi (D:5)
  2 worms (D:3)
  2 dart slugs (D:2)
  58 orcs
  8 endoplasms
  5 giant cockroaches
  24 goblins
  9 hobgoblins
  3 jackals (D:4)
  20 kobolds
  4 quokkas
  11 ball pythons
  6 bats
  7 frilled lizards
  14 rats
  3 rat zombies (D:8)
487 creatures vanquished.

Vanquished Creatures (collateral kills)
  2 death yaks (Lair:3)
  2 cane toads (Lair:4)
  2 polar bears (Lair:4)
  3 blink frogs (Lair:4)
  12 yaks
  3 wargs (D:12)
  A centaur (Lair:4)
  8 wolves
  A killer bee (D:11)
  An orc (D:12)
35 creatures vanquished.

Grand Total: 522 creatures vanquished

Notes
Turn   | Place    | Note
-------+----------+-------------------------------------------
     0 | D:1      | IndexError the Djinni Earth Elementalist began the quest
                  | for the Orb.
     0 | D:1      | IndexError set off with the following spells memorised:
                  | Sandblast, Passwall, Stone Arrow, Petrify.
     0 | D:1      | Reached XP level 1. HP: 15/15 MP: 0/0
   109 | D:1      | Reached XP level 2. HP: 21/21 MP: 0/0
   120 | D:1      | Identified a scroll of acquirement
   120 | D:1      | Acquired the scarf of Vehumet's Displeasure {rC+ rF+,
                  | Rampage}
   134 | D:1      | Reached skill level 3 in Spellcasting
   254 | D:1      | Reached XP level 3. HP: 25/25 MP: 0/0
   254 | D:1      | Learned a level 1 spell: Shock
   948 | D:2      | Reached XP level 4. HP: 28/31 MP: 0/0
  1346 | D:2      | Reached skill level 4 in Spellcasting
  1415 | D:2      | Reached XP level 5. HP: 33/35 MP: 0/0
  1415 | D:2      | Learned a level 2 spell: Scorch
  1807 | D:3      | Found a faded altar of an unknown god.
  2131 | D:3      | Found a sparkling altar of Nemelex Xobeh.
  2131 | D:3      | Found a snail-covered altar of Cheibriados.
  2252 | D:4      | Noticed an ogre
  2255 | D:4      | Killed an ogre
  2256 | D:4      | Reached skill level 5 in Spellcasting
  2256 | D:4      | Reached XP level 6. HP: 38/40 MP: 0/0
  2348 | D:4      | Found a shadowy altar of Dithmenos.
  2351 | D:4      | Found an ornate altar of the Wu Jian Council.
  2368 | D:4      | Found a broken altar of Ashenzari.
  2458 | D:4      | Reached XP level 7. HP: 44/45 MP: 0/0
  2458 | D:4      | Learned a level 2 spell: Poisonous Vapours
  2804 | D:4      | Noticed Ijyb
  2829 | D:4      | HP: 10/45 [Ijyb/+0 club (3)]
  2830 | D:4      | Killed Ijyb
  3105 | D:5      | Entered Level 5 of the Dungeon
  3151 | D:5      | Acquired the ring "Hienak" {Ice Contam rN+ Dex+5}
  3208 | D:5      | Reached skill level 6 in Spellcasting
  3277 | D:5      | Found a sacrificial altar of Ru.
  3315 | D:5      | Found a white marble altar of Elyvilon.
  3443 | D:5      | Found a runed translucent gate.
  3444 | D:5      | Found a runed translucent gate.
  3446 | D:5      | Found a runed translucent gate.
  3452 | D:5      | Noticed Elsvaer's ghost (novice DECj)
  3661 | D:5      | Found a staircase to the Ecumenical Temple.
  3737 | Temple   | Entered the Ecumenical Temple
  3919 | D:6      | Reached XP level 8. HP: 50/50 MP: 0/0
  4170 | D:6      | Reached skill level 7 in Spellcasting
  4281 | D:6      | Reached skill level 1 in Fighting
  4349 | D:6      | Reached skill level 2 in Fighting
  4486 | D:6      | Reached skill level 3 in Fighting
  4735 | D:7      | Reached skill level 4 in Fighting
  4735 | D:7      | Reached XP level 9. HP: 56/62 MP: 0/0
  4735 | D:7      | Learned a level 4 spell: Passage of Golubria
  4899 | D:7      | Reached skill level 8 in Spellcasting
  4997 | D:7      | Found a stormy altar of Qazlal.
  5124 | D:7      | Reached skill level 5 in Fighting
  5146 | D:7      | Reached skill level 3 in Dodging
  5262 | D:7      | Reached skill level 4 in Dodging
  5266 | D:7      | Reached skill level 6 in Fighting
  5429 | D:7      | Reached skill level 5 in Dodging
  5601 | D:7      | Found a hazy altar of Hepliaklqana.
  5641 | D:7      | Reached XP level 10. HP: 65/73 MP: 0/0
  5642 | D:7      | Reached skill level 7 in Fighting
  5850 | D:8      | Found a flagged portal.
  5885 | D:7      | Reached skill level 6 in Dodging
  5991 | D:8      | Found an opulent altar of Gozag.
  6150 | D:8      | Reached skill level 7 in Dodging
  6155 | D:8      | Found a staircase to the Lair.
  6178 | Bailey   | Entered a bailey
  6332 | Bailey   | Reached skill level 8 in Fighting
  6537 | Bailey   | Noticed an orc knight
  6582 | Bailey   | Killed an orc knight
  6583 | Bailey   | Reached skill level 8 in Dodging
  6682 | Bailey   | Acquired a +0 buckler of positive energy
  6761 | Bailey   | Noticed an orc knight
  6790 | Bailey   | Killed an orc knight
  6791 | Bailey   | Reached skill level 9 in Fighting
  6837 | Bailey   | Found an iron altar of Okawaru.
  6837 | Bailey   | Noticed a kobold demonologist
  6837 | Bailey   | Noticed an orc high priest
  6888 | Bailey   | Killed a kobold demonologist
  6889 | Bailey   | Reached XP level 11. HP: 84/84 MP: 0/0
  6889 | Bailey   | Learned a level 4 spell: Animate Armour
  6950 | Bailey   | Noticed a sun demon
  7026 | Bailey   | Killed an orc high priest
  7027 | Bailey   | Reached skill level 9 in Dodging
  7364 | D:8      | Reached skill level 10 in Fighting
  7424 | D:8      | Found an iron altar of Okawaru.
  7573 | D:8      | Noticed a death yak
  7603 | D:8      | Killed a death yak
  7604 | D:8      | Reached skill level 10 in Dodging
  8082 | D:8      | Found a faded altar of an unknown god.
  8082 | D:8      | Found a shimmering altar of Xom.
  8089 | D:8      | Found a hide-covered altar of Uskayaw.
  8092 | D:8      | Found a burning altar of Makhleb.
  8094 | D:8      | Found a faded altar of an unknown god.
  8100 | D:8      | Became a worshipper of Makhleb the Destroyer
  8415 | D:9      | Found a runed translucent door.
  8449 | D:9      | Reached skill level 1 in Shields
  8468 | D:9      | Found a runed translucent door.
  8487 | D:9      | Noticed a two-headed ogre
  8491 | D:9      | Killed a two-headed ogre
  8492 | D:9      | Reached skill level 2 in Shields
  8543 | D:9      | Found a runed translucent door.
  8543 | D:9      | Noticed a two-headed ogre
  8549 | D:9      | Killed a two-headed ogre
  8550 | D:9      | Reached skill level 3 in Shields
  8563 | D:9      | Found a runed translucent door.
  8615 | D:9      | Reached skill level 4 in Shields
  8923 | D:9      | Reached skill level 11 in Fighting
  8924 | D:9      | Reached skill level 5 in Shields
  9176 | D:9      | Reached * piety under Makhleb
  9270 | D:9      | Noticed an orange crystal statue
  9337 | D:10     | Entered Level 10 of the Dungeon
  9484 | D:10     | Reached XP level 12. HP: 94/94 MP: 0/0
  9509 | D:10     | Reached skill level 6 in Shields
 10501 | D:11     | Noticed a boulder beetle
 10507 | D:11     | Killed a boulder beetle
 10626 | D:11     | Reached skill level 12 in Fighting
 11249 | D:12     | Noticed a boulder beetle
 11260 | D:12     | Killed a boulder beetle
 11343 | D:12     | Reached skill level 9 in Spellcasting
 11474 | D:12     | Noticed a boulder beetle
 11488 | D:12     | Killed a boulder beetle
 11512 | D:12     | Reached ** piety under Makhleb
 11682 | D:12     | Reached XP level 13. HP: 102/102 MP: 0/0
 11682 | D:12     | Learned a level 5 spell: Agony
 11883 | D:12     | Reached skill level 13 in Fighting
 11948 | D:12     | Reached skill level 10 in Spellcasting
 12302 | D:12     | Found a staircase to the Orcish Mines.
 12353 | D:13     | Noticed a centaur warrior
 12358 | D:13     | Noticed a vault guard
 12513 | Lair:1   | Entered Level 1 of the Lair of Beasts
 12631 | Lair:1   | Reached *** piety under Makhleb
 12706 | Lair:1   | Reached skill level 14 in Fighting
 13100 | Lair:1   | Reached skill level 1 in Invocations
 13108 | Lair:1   | Reached skill level 2 in Invocations
 13268 | Lair:1   | HP: 26/105 [elephant (10)]
 13276 | Lair:1   | HP: 26/105 [elephant (14)]
 13296 | Lair:1   | Reached skill level 3 in Invocations
 13308 | Lair:1   | Reached skill level 4 in Invocations
 13680 | Lair:2   | Reached skill level 5 in Invocations
 13841 | Lair:2   | Noticed an eight-headed hydra
 13846 | Lair:2   | Killed an eight-headed hydra
 13847 | Lair:2   | Reached skill level 6 in Invocations
 13847 | Lair:2   | Reached XP level 14. HP: 46/112 MP: 0/0
 14303 | Lair:2   | Found a staircase to the Swamp.
 15003 | Lair:3   | Reached skill level 7 in Invocations
 15067 | Lair:3   | Reached **** piety under Makhleb
 15082 | Lair:3   | Found a hole to the Spider Nest.
 15137 | Lair:3   | Reached skill level 8 in Invocations
 15185 | Lair:3   | Identified the +8 war axe of Past Mistakes {freeze, Will+
                  | Int+3}
 15293 | Lair:3   | Reached skill level 9 in Invocations
 15628 | Lair:3   | Reached skill level 10 in Invocations
 15767 | Lair:3   | HP: 14/112 [oklob plant/splash of acid (28)]
 15866 | Lair:3   | HP: 12/112 [oklob plant/splash of acid (28)]
 15932 | Lair:3   | HP: 26/112 [oklob plant/splash of acid (24)]
 16404 | Lair:4   | Reached skill level 11 in Invocations
 16918 | Lair:4   | Reached skill level 12 in Invocations
 17183 | Lair:5   | Entered Level 5 of the Lair of Beasts
 17195 | Lair:4   | HP: 18/112 [seven-headed hydra (11)]
 17198 | Lair:4   | HP: 3/112 [seven-headed hydra (8)]
 17198 | Lair:4   | Slain by a seven-headed hydra

Illustrated notes

Levels and vault maps discovered:
D:1:      giann_horns, layout_basic, minmay_tromino_i4
D:2:      layout_basic, minmay_vboxes
D:3:      layout_rooms, nicolae_overflow_two_pavilions,
          chequers_ecumenical_altar_lobes
D:4:      kennysheep_goblin_castle, layout_loops_ring,
          grunt_temple_overflow_open
D:5:      layout_basic, mainiacjoe_overflow_concentric_impassable,
          mainiacjoe_overflow_surrounded_room, temple_fountains,
          gammafunk_ghost_necromancy, minivault_4
D:6:      layout_rooms, minmay_joined_circles
D:7:      layout_loops_corners, lemuel_coloured_pillars_altar,
          lemuel_crystal_altar
D:8:      layout_basic, mainiacjoe_overflow_boulevard,
          lemuel_zombie_altar_kikubaaqudgha,
          chequers_temple_overflow_minitemple, okawaru_gym_becter,
          david_lair_generic, enter_bailey_2, kb_lookout_dungeons_type
D:9:      layout_basic, amcnicky_mini_pool_small, minmay_statue_crystal_thing
D:10:     layout_loops_corners
D:11:     layout_long_grid
D:12:     layout_basic, minmay_orc_entry_guard_dogs, minmay_rotating_lava
D:13:     minmay_the_grid_octo_tiled_octocenter
          [minmay_the_grid_octo_vomiting_pacman, minmay_the_grid_octo_shrine,
          minmay_the_grid_octo_fan_narrow, minmay_the_grid_octo_teeth,
          minmay_the_grid_octo_prize_ultimate_mussel_roller,
          minmay_the_grid_square_5x5_gyroscope,
          minmay_the_grid_square_5x5_bridge,
          minmay_the_grid_square_5x5_three_walls,
          minmay_the_grid_square_5x5_spiral], layout_rooms,
          lightli_vaults_fourway_checkpoint, serial_shops, shop,
          nicolae_elyvilon_temple_path, uniq_azrael, uniq_snorg
Temple:   nicolae_temple_stand_before_the_council
Lair:1:   layout_small_grid, nicolae_lair_run_with_the_wolves,
          grunt_megastairs_5
Lair:2:   layout_chaotic_city, minmay_swamp_entry_worms,
          kennysheep_abandoned_house
Lair:3:   minmay_lair_oklob_tunnel, layout_layer_cave,
          spider_nest_entry_funnel_web, chequers_serial_rivers_room_b,
          minmay_lindwurm_lava
Lair:4:   layout_loops_ring, forest_entry_grove
Lair:5:   hellmonk_lair_end_abyssal_woods, layout_loops_ring, slime_entry_2

Skill      XL: |  1  2  3  4  5  6  7  8  9 10 11 12 13 14 |
---------------+-------------------------------------------+-----
Spellcasting   | 3 4 5 6 7 8 9 10 | 10.5
Fighting       | 4 6 9 11 12 14 | 14.1
Dodging        | 5 8 10 | 10.2
Shields        | 5 6 |  6.0
Invocations    | 6 12 | 12.1
Stealth        | |  1.5

Action                     |  1- 3 |  4- 6 |  7- 9 | 10-12 | 13-15 || total
---------------------------+-------+-------+-------+-------+-------++-------
  Melee: Sling             |       |       |     8 |       |       ||     8
         Spear             |       |       |       |    63 |    61 ||   124
         War axe           |       |       |       |       |    87 ||    87
   Fire: Sling             |    29 |    79 |    37 |    70 |       ||   215
   Cast: Sandblast         |    31 |    55 |    73 |    81 |   191 ||   431
         Shock             |       |     2 |   110 |   118 |   140 ||   370
         Stone Arrow       |       |       |    24 |    86 |    67 ||   177
         Scorch            |       |       |     3 |     5 |       ||     8
         Poisonous Vapours |       |       |     1 |   152 |    99 ||   252
         Petrify           |       |       |       |    34 |     7 ||    41
         Animate Armour    |       |       |       |    11 |    11 ||    22
         Agony             |       |       |       |       |     3 ||     3
 Invoke: Minor Destruction |       |       |       |       |    16 ||    16
         Lesser Servant of |       |       |       |       |     7 ||     7
         Major Destruction |       |       |       |       |     2 ||     2
    Use: Scroll            |     1 |       |    20 |     7 |     2 ||    30
         Potion            |       |       |       |       |     1 ||     1
   Stab: Petrified         |       |       |       |     4 |     1 ||     5
         Distracted        |       |       |       |     1 |     4 ||     5
         Sleeping          |       |       |       |       |     2 ||     2
 Armour: Robe              |     5 |     2 |    20 |    43 |       ||    70
         Troll leather arm |       |       |       |    16 |    88 ||   104
         Leather armour    |       |       |       |     4 |       ||     4
  Dodge: Dodged            |    16 |    12 |    74 |   155 |   288 ||   545
  Block: Other             |     4 |     3 |     2 |       |       ||     9
         Reflection        |       |       |     1 |       |       ||     1
         Buckler           |       |       |       |    26 |   103 ||   129

Levels and vault maps discovered:
D:1:      giann_horns, layout_basic, minmay_tromino_i4
D:2:      layout_basic, minmay_vboxes
D:3:      layout_rooms, nicolae_overflow_two_pavilions,
          chequers_ecumenical_altar_lobes
D:4:      kennysheep_goblin_castle, layout_loops_ring,
          grunt_temple_overflow_open
D:5:      layout_basic, mainiacjoe_overflow_concentric_impassable,
          mainiacjoe_overflow_surrounded_room, temple_fountains,
          gammafunk_ghost_necromancy, minivault_4
D:6:      layout_rooms, minmay_joined_circles
D:7:      layout_loops_corners, lemuel_coloured_pillars_altar,
          lemuel_crystal_altar
D:8:      layout_basic, mainiacjoe_overflow_boulevard,
          lemuel_zombie_altar_kikubaaqudgha,
          chequers_temple_overflow_minitemple, okawaru_gym_becter,
          david_lair_generic, enter_bailey_2, kb_lookout_dungeons_type
D:9:      layout_basic, amcnicky_mini_pool_small, minmay_statue_crystal_thing
D:10:     layout_loops_corners
D:11:     layout_long_grid
D:12:     layout_basic, minmay_orc_entry_guard_dogs, minmay_rotating_lava
D:13:     minmay_the_grid_octo_tiled_octocenter
          [minmay_the_grid_octo_vomiting_pacman, minmay_the_grid_octo_shrine,
          minmay_the_grid_octo_fan_narrow, minmay_the_grid_octo_teeth,
          minmay_the_grid_octo_prize_ultimate_mussel_roller,
          minmay_the_grid_square_5x5_gyroscope,
          minmay_the_grid_square_5x5_bridge,
          minmay_the_grid_square_5x5_three_walls,
          minmay_the_grid_square_5x5_spiral], layout_rooms,
          lightli_vaults_fourway_checkpoint, serial_shops, shop,
          nicolae_elyvilon_temple_path, uniq_azrael, uniq_snorg
Temple:   nicolae_temple_stand_before_the_council
Lair:1:   layout_small_grid, nicolae_lair_run_with_the_wolves,
          grunt_megastairs_5
Lair:2:   layout_chaotic_city, minmay_swamp_entry_worms,
          kennysheep_abandoned_house
Lair:3:   minmay_lair_oklob_tunnel, layout_layer_cave,
          spider_nest_entry_funnel_web, chequers_serial_rivers_room_b,
          minmay_lindwurm_lava
Lair:4:   layout_loops_ring, forest_entry_grove
Lair:5:   hellmonk_lair_end_abyssal_woods, layout_loops_ring, slime_entry_2

Table legend: (Time is in decaauts)
 A = Elapsed time spent in this place.
 B = Non-inter-level travel time spent in this place.
 C = Inter-level travel time spent in this place.
 D = Time resting spent in this place.
 E = Time spent auto-exploring this place.
 F = Levels seen in this place.
 G = Mean time per level.
                   A        B        C        D        E       F      G
               +--------+--------+--------+--------+--------+-----+--------+
         Total |  17573 |  15706 |   1867 |    385 |  11168 |  20 |  878.7 |
       Dungeon |  11753 |  10379 |   1374 |    129 |   7926 |  13 |  904.1 |
        Temple |     24 |     17 |      7 |      0 |     14 |   1 |   24.0 |
          Lair |   4813 |   4327 |    486 |    201 |   2987 |   5 |  962.6 |
        Bailey |    982 |    982 |      0 |     55 |    241 |   1 |  982.0 |
               +--------+--------+--------+--------+--------+-----+--------+

Top non-repeatable levels by time:
  Lair:3: 1879 daAuts
     D:8: 1456 daAuts
     D:7: 1310 daAuts
    D:12: 1181 daAuts
  Lair:1: 1039 daAuts
  Lair:2: 1009 daAuts
     D:9: 1004 daAuts
    D:11: 992 daAuts
  Bailey: 982 daAuts
    D:10: 946 daAuts
     D:1: 904 daAuts
     D:4: 894 daAuts
     D:5: 891 daAuts
  Lair:4: 873 daAuts
     D:2: 786 daAuts

Table legend:
 A = Kills in this place as a percentage of kills in the entire game.
 B = Kills by you in this place as a percentage of kills by you in the entire game.
 C = Kills by friends in this place as a percentage of kills by friends in the entire game.
 D = Other kills in this place as a percentage of other kills in the entire game.
 E = Experience gained in this place as a percentage of experience gained in the entire game.
 F = Experience gained in this place divided by the number of levels of this place that you have seen.
                   A       B       C       D       E      F
               +-------+-------+-------+-------+-------+----------------------
         Total | 100.0 | 100.0 | 100.0 |   N/A | 100.0 | 3548.0
       Dungeon |  67.0 |  69.0 |  40.0 |   N/A |  42.2 | 2303.5
          Lair |  26.2 |  23.8 |  60.0 |   N/A |  52.5 | 7444.6
        Bailey |   6.7 |   7.2 |   0.0 |   N/A |   5.3 | 3792.0
               +-------+-------+-------+-------+-------+----------------------
